 Dungeon Crawl Stone Soup version 0.27-a0-1182-gee19b5822f (webtiles) character file.

Game seed: 6923849050606819869

2440 Feb132020 the Zephyrmancer (level 9, 0/49 HPs)
             Began as a Tengu Air Elementalist on May 18, 2021.
             Was a Believer of the Shining One.
             Slain by a black bear (5 damage)
             ... on level 7 of the Dungeon.
             The game lasted 00:33:33 (8256 turns).

Feb132020 the Zephyrmancer (Tengu Air Elementalist) Turns: 8256, Time: 00:33:34

Health: 0/49       AC:  3    Str: 14    XL:     9   Next: 49%
Magic:  17/22      EV: 17    Int: 18    God:    the Shining One [**....]
Gold:   634        SH:  0    Dex: 18    Spells: 3/13 levels left

rFire    + + +     SeeInvis .   c - +1 dagger (holy)
rCold    . . .     Faith    .   (no shield)
rNeg     + + .     Spirit   .   s - +0 robe {rN+}
rPois    +         Reflect  .   (helmet restricted)
rElec    .         Harm     .   (no cloak)
rCorr    .         Rampage  .   g - +0 pair of gloves
Will     .....                  (boots unavailable)
Stlth    +.........             (no amulet)
HPRegen  0.16/turn              o - ring of Satyriasis {rPois rF+ Str+6 Dex+2}
MPRegen  0.18/turn              n - ring of Finality {rPois rF++ MP+9}

@: flying quickly and evasively, glowing, quick
A: beak, talons 3, nimble flight
a: Renounce Religion, Divine Shield


You were on level 7 of the Dungeon.
You worshipped the Shining One.
The Shining One was pleased with you.
You visited 1 branch of the dungeon, and saw 7 of its levels.

You collected 634 gold pieces.

Inventory:

Hand Weapons
 c - a +1 dagger of holy wrath (weapon)
 u - a +3 short sword
Missiles
 A - a throwing net
Armour
 a - a +0 robe
 g - a +0 pair of gloves (worn)
 s - a +0 robe of positive energy (worn)
Jewellery
 f - a ring of see invisible
 j - a ring of protection from cold
 n - the ring of Finality (right hand) {rPois rF++ MP+9}
   (You acquired it on level 3 of the Dungeon)

   [ring of magical power]

   It greatly protects you from fire.
   It protects you from poison.
   It affects your magic capacity (+9).
 o - the ring of Satyriasis (left hand) {rPois rF+ Str+6 Dex+2}
   (You acquired it on level 3 of the Dungeon)

   [ring of strength]

   It affects your strength (+6).
   It affects your dexterity (+2).
   It protects you from fire.
   It protects you from poison.
 r - an amulet of regeneration
 B - a ring of magical power
Wands
 e - a wand of acid (8)
 x - a wand of digging (4)
Scrolls
 d - a scroll of fog
 h - 2 scrolls of immolation
 l - a scroll of enchant weapon {unknown}
 m - a scroll of teleportation {unknown}
 y - a scroll of enchant armour {unknown}
Potions
 b - a potion of haste {unknown}
 i - a potion of attraction {unknown}
 k - 2 potions of brilliance
 p - a potion of berserk rage {unknown}
 t - 2 potions of resistance
 v - 5 potions of curing
 w - a potion of ambrosia {unknown}
 z - a potion of cancellation {unknown}


   Skills:
 + Level 2.3 Fighting
 + Level 2.9 Short Blades
 + Level 4.3 Dodging
 + Level 3.9 Stealth
 - Level 2.5 Spellcasting
 + Level 9.9 Conjurations
 + Level 10.5 Air Magic
 + Level 0.1 Poison Magic


You had 3 spell levels left.
You knew the following spells:

 Your Spells              Type           Power      Damage    Failure   Level
a - Shock                 Conj/Air       100%       1d9       1%          1
b - Static Discharge      Conj/Air       39%        N/A       1%          2
c - Mephitic Cloud        Conj/Pois/Air  27%        N/A       3%          3
d - Magic Dart            Conj           100%       1d8       1%          1
s - Swiftness             Air            40%        N/A       1%          3

Your spell library contained the following spells:

 Spells                   Type           Power      Damage    Failure   Level
 Conjure Flame            Conj/Fire      20%        6-21      7%          3
 Blink                    Tloc           N/A        N/A       26%         2
 Call Imp                 Summ           2%         N/A       26%         2
 Slow                     Hex            2%         N/A       26%         2
 Airstrike                Air            20%        N/A       2%          4
 Lightning Bolt           Conj/Air       19%        1d34      7%          5


Dungeon Overview and Level Annotations

Branches:
Dungeon (7/15)
 Temple: D:4-7

Altars:
Ashenzari
Dithmenos
Gozag
Hepliaklqana
Zin
The Shining One


Innate Abilities, Weirdness & Mutations

You have a beak for a mouth.
You have claws for feet.
Your magical nature lets you fly swiftly and evasively.


Message History

A wyvern zombie comes into view.
The black bear growls angrily.
You hit the orc. You claw the orc.
You kill the orc!
A scorpion comes into view.
A sky beast comes into view.
The sky beast moves out of view.
The orc priest invokes the aid of Beogh against you.
Beogh smites you!
The sky beast flickers out of sight!
Deactivating autopickup; reactivate with Ctrl-A.
The orc priest invokes the aid of Beogh against you.
Beogh smites you!
* * * LOW HITPOINT WARNING * * *
You feel better. The scorpion barely misses you.
The scorpion closely misses you.
Casting: Shock (safe; 1% risk of failure)
Confirm with . or Enter, or press ? or * to list all spells.
The scorpion is struck by an arc of lightning.
The scorpion is moderately wounded.
The black bear is struck by an arc of lightning.
The black bear is lightly wounded.
The scorpion is struck by an arc of lightning.
The scorpion is heavily wounded.
The lightning grounds out.
The scorpion stings you!
* * * LOW HITPOINT WARNING * * *
Unknown command.
Casting: Static Discharge (safe; 1% risk of failure)
Confirm with . or Enter, or press ? or * to list all spells.
Aiming: Shock (safe; 1% risk of failure)
Press: ? - help, Shift-Dir - straight line, f/p - orc priest
Aim: an orc priest, wielding a +0 war axe and wearing a +0 chain mail (severely wounded, 81% to hit)
The zap hits the scorpion.
The scorpion is almost dead.
The zap hits the wyvern zombie!
The wyvern zombie is moderately damaged.
The zap hits the orc priest.
The orc priest is almost dead.
The scorpion barely misses you. The black bear bites you.
You die...

##.###...##.....#.........
#.# #..............###...
####..#..........{..# ...
###............### ...
#.#..#.##...).##.##.
######.#............
###.oo......... ###
#......#......
#@###...Z..##.....
###hs#.......# #....
#..Z.o......## ....
###......#### $...
###....# .. ###....
#...... ........ ...#####


You could see a black bear, a scorpion, an orc and a wyvern zombie.

Vanquished Creatures
  Sigmund (D:6)
  Edmund (D:5)
  A water moccasin (D:6)
  2 ice beasts
  A sky beast (D:6)
  2 necrophages (D:5)
  3 ogres
  A centaur (D:4)
  2 phantoms (D:5)
  A bullfrog (D:7)
  A scorpion (D:5)
  6 killer bees (D:5)
  A howler monkey (D:7)
  A hound (D:4)
  A bullfrog skeleton (D:4)
  2 centaur skeletons
  A gnoll shaman (D:5)
  3 orc wizards
  4 iguanas (D:4)
  A scorpion zombie (D:5)
  A howler monkey zombie (D:6)
  A howler monkey skeleton (D:6)
  11 gnolls
  11 adders
  2 ufetubi (D:4)
  An adder skeleton (D:4)
  A worm (D:3)
  5 dart slugs
  21 orcs
  6 ball pythons
  6 endoplasms
  4 giant cockroaches
  8 goblins
  6 hobgoblins
  4 jackals (D:5)
  11 kobolds
  4 quokkas
  6 bats
  A frilled lizard (D:3)
  A jackal skeleton (D:4)
  6 rats
  A spectral kobold (D:5)
154 creatures vanquished.

Vanquished Creatures (others)
  9 fungi (D:3)
  4 toadstools (D:3)
13 creatures vanquished.

Grand Total: 167 creatures vanquished

Notes
Turn   | Place    | Note
-------+----------+-------------------------------------------
     0 | D:1      | Feb132020 the Tengu Air Elementalist began the quest for
                  | the Orb.
     0 | D:1      | Reached XP level 1. HP: 10/10 MP: 4/4
   289 | D:1      | Reached XP level 2. HP: 8/15 MP: 1/6
   292 | D:1      | Learned a level 2 spell: Static Discharge
  1356 | D:2      | Reached XP level 3. HP: 19/19 MP: 4/7
  1360 | D:2      | Learned a level 3 spell: Swiftness
  1772 | D:2      | Noticed an ogre
  1780 | D:2      | Killed an ogre
  1781 | D:2      | Reached skill level 5 in Air Magic
  1781 | D:2      | Reached XP level 4. HP: 24/24 MP: 0/8
  1781 | D:2      | Gained mutation: Your magical nature lets you fly swiftly
                  | and evasively. [Tengu growth]
  1781 | D:2      | Reached XP level 5. HP: 28/28 MP: 0/9
  2803 | D:3      | Found a broken altar of Ashenzari.
  2919 | D:3      | Found a glowing golden altar of the Shining One.
  2992 | D:3      | Became a worshipper of the Shining One
  3685 | D:3      | Identified 3 scrolls of acquirement
  3685 | D:3      | Acquired the ring of Satyriasis {rPois rF+ Str+6 Dex+2}
  3689 | D:3      | Acquired a book of Minor Magic
  3690 | D:3      | Acquired the ring of Finality {rPois rF++ MP+9}
  4092 | D:4      | Reached skill level 6 in Air Magic
  4092 | D:4      | Reached XP level 6. HP: 32/32 MP: 10/10
  4199 | D:4      | Learned a level 3 spell: Mephitic Cloud
  4205 | D:4      | Found a glowing silver altar of Zin.
  4211 | D:4      | Noticed an ice beast
  4222 | D:4      | Killed an ice beast
  4223 | D:4      | Reached skill level 5 in Conjurations
  4379 | D:4      | Reached * piety under the Shining One
  4382 | D:4      | Reached skill level 7 in Air Magic
  4382 | D:4      | Reached XP level 7. HP: 36/36 MP: 11/11
  4489 | D:4      | Learned a level 1 spell: Magic Dart
  5568 | D:5      | Entered Level 5 of the Dungeon
  5600 | D:5      | Reached skill level 1 in Short Blades
  5633 | D:5      | Reached skill level 8 in Air Magic
  5633 | D:5      | Reached XP level 8. HP: 39/42 MP: 12/12
  5746 | D:5      | Reached skill level 1 in Fighting
  6242 | D:5      | Reached skill level 9 in Air Magic
  6584 | D:5      | Reached ** piety under the Shining One
  6597 | D:5      | Found a hazy altar of Hepliaklqana.
  6702 | D:5      | Reached XP level 9. HP: 47/47 MP: 13/13
  7105 | D:6      | Noticed Sigmund
  7258 | D:6      | Killed Sigmund
  7259 | D:6      | Reached skill level 10 in Air Magic
  7395 | D:6      | Found a shadowy altar of Dithmenos.
  7527 | D:6      | Noticed Edmund
  7589 | D:5      | Killed Edmund
  7715 | D:6      | Found an opulent altar of Gozag.
  7785 | D:6      | HP: 2/48 [sky beast (6)]
  8256 | D:7      | Slain by a black bear

Illustrated notes

Levels and vault maps discovered:
D:1:      dpeg_arrival_castle, layout_loops_corners,
          corexii_item_surrounded_by_moat
D:2:      layout_loops_ring
D:3:      layout_basic, nicolae_overflow_crystal_walls, tso_metal_star,
          minivault_4, minmay_gold_behind_fungi, corexii_hall_statues_deadend
D:4:      layout_rooms, zin_academy, roderic_roman_lattice, hex_large,
          corexii_shack, grunt_tough_drop
D:5:      layout_basic, nicolae_hepliaklqana_monster_ancestors
D:6:      layout_rooms, lemuel_crystal_altar, amcnicky_altar_gilded,
          uniq_sigmund, uniq_edmund
D:7:      layout_cave_pools, fedhas_altar_2, general_overflow_altar,
          minmay_temple_entry_statues_fountains, minivault_25

Skill      XL: |  1  2  3  4  5  6  7  8  9 |
---------------+----------------------------+-----
Conjurations   | 3 4 6 7 8 9 |  9.9
Air Magic      | 5 6 7 8 9 10 | 10.5
Stealth        | 3 |  3.9
Dodging        | 3 4 |  4.3
Short Blades   | 1 2 |  2.9
Fighting       | 1 2 |  2.3
Spellcasting   | |  2.5
Poison Magic   | |  0.1

Action                   |  1- 3 |  4- 6 |  7- 9 || total
-------------------------+-------+-------+-------++-------
Melee: Unarmed           |     7 |       |       ||     7
       Peck              |     1 |     1 |    22 ||    24
       Dagger            |     1 |    17 |    85 ||   103
       Kick              |     1 |     5 |    38 ||    44
 Cast: Shock             |    61 |   119 |   174 ||   354
       Static Discharge  |       |     2 |    10 ||    12
       Mephitic Cloud    |       |       |     5 ||     5
Evoke: Wand              |       |       |     1 ||     1
  Use: Scroll            |       |     5 |     5 ||    10
       Potion            |       |       |     2 ||     2
 Stab: Sleeping          |     1 |     1 |       ||     2
Armor: Robe              |     3 |     4 |    16 ||    23
       Skin              |       |       |     6 ||     6
Dodge: Dodged            |    13 |    15 |    82 ||   110

Table legend: (Time is in decaauts)
 A = Elapsed time spent in this place.
 B = Non-inter-level travel time spent in this place.
 C = Inter-level travel time spent in this place.
 D = Time resting spent in this place.
 E = Time spent auto-exploring this place.
 F = Levels seen in this place.
 G = Mean time per level.
                   A        B        C        D        E       F      G
               +--------+--------+--------+--------+--------+-----+--------+
         Total |   7918 |   7657 |    261 |    248 |   6325 |   7 | 1131.1 |
       Dungeon |   7918 |   7657 |    261 |    248 |   6325 |   7 | 1131.1 |
               +--------+--------+--------+--------+--------+-----+--------+

Top non-repeatable levels by time:
     D:5: 1582 daAuts
     D:3: 1532 daAuts
     D:4: 1442 daAuts
     D:1: 1431 daAuts
     D:2: 966 daAuts
     D:6: 905 daAuts
     D:7: 56 daAuts
